 Dungeon Crawl Stone Soup version 0.23.2-33-g5129a83184 (webtiles) character file.

Game seed: 289573485389179663

4 MalarOregon the Grave Robber (level 1, 0/15 HPs)
             Began as a Ghoul Necromancer on July 10, 2019.
             Slain by an ooze (1 damage)
             ... on level 1 of the Dungeon.
             The game lasted 00:00:32 (232 turns).

MalarOregon the Grave Robber (Ghoul Necromancer)     Turns: 232, Time: 00:00:32

Health: 0/15       AC:  2    Str: 11    XL:     1   Next: 70%
Magic:  0/0        EV: 12    Int: 10    God:
Gold:   0          SH:  0    Dex:  9    Spells: 2/3 levels left

rFire    . . .     SeeInvis .   b - +2 dagger (antimagic)
rCold    + . .     Gourm    .   (no shield)
rNeg     + + +     Faith    .   a - +0 robe
rPois    ∞         Spirit   .   (no helmet)
rElec    .         Reflect  .   (no cloak)
rCorr    .         Harm     .   (no gloves)
MR       .....                  (no boots)
Stlth    ++........             (no amulet)
HPRegen  0.00/turn              (no ring)
MPRegen  0.07/turn              (no ring)

@: rotting
A: rotting body, claws 1, carnivore, cold resistance 1, negative energy
resistance 3, inhibited regeneration, torment resistance, unbreathing
a: no special abilities


You were on level 1 of the Dungeon.
You were not hungry.

You visited 1 branch of the dungeon, and saw 1 of its levels.

Inventory:

Hand Weapons
 b - a +2 antimagic dagger (weapon)
   (You took it off a kobold on level 1 of the Dungeon)
Armour
 a - a +0 robe (worn)
Scrolls
 d - a scroll of teleportation {unknown}
Potions
 f - a potion of lignification {unknown}
Comestibles
 c - 6 chunks of flesh
 e - 2 rations {!d}


   Skills:
 + Level 0.5 Fighting
 - Level 1.7 Dodging
 - Level 2.1 Stealth
 + Level 1.9 Spellcasting
 + Level 4.1 Necromancy


You had 2 spell levels left.
You knew the following spells:

 Your Spells              Type           Power        Failure   Level  Hunger
a - Pain                  Necr           #...         6%          1    ##.....

Your spell library contained the following spells:

 Spells                   Type           Power        Failure   Level  Hunger
 Animate Skeleton         Necr           N/A          6%          1    ##.....
 Vampiric Draining        Necr           #.........   19%         3    ####...
 Regeneration             Chrm/Necr      #.........   38%         3    ####...
 Animate Dead             Necr           N/A          52%         4    #####..


Dungeon Overview and Level Annotations

Branches:
Dungeon (1/15)

Altars:


Innate Abilities, Weirdness & Mutations

Your body is rotting away.
You thrive on raw meat.
You are immune to poison.
You have sharp fingernails.
You are carnivorous and can eat meat at any time.
Your flesh is cold resistant. (rC+)
You are immune to negative energy. (rN+++)
You do not regenerate when monsters are visible.
You are immune to unholy pain and torment.
You can survive without breathing.


Message History

You start resting.
Found a stone staircase leading down.
Found a scroll labeled YTESHI LEIJINI.
Things that are here:
a +2 antimagic dagger; a kobold corpse
b - a +2 antimagic dagger Wield which item (- for none, * to show all)? (? for menu, Esc to quit)
You feel magic leave you.
b - a +2 antimagic dagger (weapon)
You butcher the kobold corpse.
c - 3 chunks of flesh You see here a kobold skeleton. x2
d - a scroll labeled MEOKUKL KEUKKA
e - 2 rations {!d} (gained 1)
You butcher the leopard gecko corpse.
c - 5 chunks of flesh (gained 2)
You see here a leopard gecko skeleton. x2
A giant cockroach comes into view.
A giant cockroach is nearby!
A giant cockroach is nearby!
You hit the giant cockroach but do no damage.
The giant cockroach bites you.
You hit the giant cockroach.
You kill the giant cockroach!
No target in view!
You butcher the giant cockroach corpse.
c - 6 chunks of flesh (gained 1)
Found a metallic sapphire potion.
A rat comes into view.
Found a stone staircase leading down.
A rat is nearby!
You hit the rat. The rat bites you.
You hit the rat.
You kill the rat!
No target in view!
f - a metallic sapphire potion An ooze comes into view.
An ooze is nearby!
An ooze is nearby!
You hit the ooze but do no damage. The ooze hits you.
You hit the ooze. The ooze misses you.
You hit the ooze. The ooze hits you.
* * * LOW HITPOINT WARNING * * *
You barely miss the ooze. The ooze completely misses you.
Unknown command.
You don't have enough magic to cast that spell.
You barely miss the ooze. The ooze hits you.
* * * LOW HITPOINT WARNING * * *
You hit the ooze but do no damage. The ooze hits you.
You die...

..... #.#
#..........#.#
#..........#.#
#..........#.#
#..........#.#####
#................#
#............###.#
#............# #.#
#...J@.......# #.#
###########..# #.#
#..# #.# ##.# #.#
#.# #.# #># #.#
### #.# #.# #.#


You could see an ooze.

Vanquished Creatures
  A leopard gecko (D:1)
  A giant cockroach (D:1)
  A kobold (D:1)
  A rat (D:1)
4 creatures vanquished.

Notes
Turn   | Place    | Note
-------+----------+-------------------------------------------
     0 | D:1      | MalarOregon the Ghoul Necromancer began the quest for the
                  | Orb.
     0 | D:1      | Reached XP level 1. HP: 14/14 MP: 2/2
   232 | D:1      | Slain by an ooze

Action                   || total
-------------------------++-------
Melee: Dagger            ||    10
 Cast: Pain              ||     3
Dodge: Dodged            ||     4
